 Dungeon Crawl Stone Soup version 0.30.0-11-gf55b779eaf (webtiles) character file.

Game seed: 11724623740990881305

36 monsoonserge the Vexing (level 3, -2/28 HPs)
             Began as a Meteoran Hexslinger on May 17, 2023.
             Slain by a gnoll
             ... wielding a +0 spear
              (7 damage)
             ... on level 2 of the Dungeon.
             The game lasted 00:04:48 (575 turns).

monsoonserge the Vexing (Meteoran Hexslinger)        Turns: 575, Time: 00:04:48

Health: -2/28      AC:  2    Str: 11    XL:     3   Next: 82%
Magic:  6/6        EV: 13    Int: 14    God:
Gold:   49         SH:  0    Dex: 17    Spells: 3/4 levels left

rFire   . . .        a - +1 sling
rCold   . . .        (no shield)
rNeg    . . .        c - +0 robe
rPois   .            (no helmet)
rElec   .            (no cloak)
rCorr   .            (no gloves)
SInv    .            (no boots)
Will    .....        g - amulet of magic regeneration
Stlth   +            f - ring of wizardry
HPRegen 0.24/turn    (no ring)
MPRegen 0.50/turn

%: wizardry (x1)
@: glowing
A: sense surroundings 1, otherworldly, glowing, explore regen
a: no special abilities


You were on level 2 of the Dungeon.
You visited 1 branch of the dungeon, and saw 2 of its levels.

You collected 49 gold pieces.

Inventory:

Hand Weapons
 a - a +1 sling (weapon)
Armour
 c - a +0 robe (worn)
Jewellery
 f - a ring of wizardry (left hand)
 g - an amulet of magic regeneration (around neck)
Scrolls
 b - a scroll of poison
 h - 2 scrolls of identify {unknown}
 i - a scroll of fear {unknown}
Potions
 d - a potion of curing {unknown}
 e - a potion of flight {unknown}
 j - a potion of mutation {unknown}
 k - a potion of attraction {unknown}


   Skills:
 + Level 1.5 Fighting
 + Level 3.0 Ranged Weapons
 + Level 2.7 Dodging
 + Level 1.4 Spellcasting
 + Level 4.2 Hexes


You had 3 spell levels left.
You knew the following spells:

 Your Spells              Type           Power      Damage    Failure   Level
a - Slow                  Hex            48%        N/A       1%          1

Your spell library contained the following spells:

 Spells                   Type           Power      Damage    Failure   Level
 Inner Flame              Hex/Fire       7%         N/A       12%         3
 Portal Projectile        Hex/Tloc       14%        N/A       12%         3
 Cause Fear               Hex            6%         N/A       17%         4


Dungeon Overview and Level Annotations

Branches:
Dungeon (2/15) Zot: 599

Altars:


Innate Abilities, Weirdness & Mutations

You passively map a small area around you.
You are easily found by Zot.
You glow in the dark.
You regain HP and MP as you explore.


Message History

The endoplasm freezes you.
You are frozen.
The quokka closely misses you.
Fire: a) +1 sling
Press: ? - help, Q - select action, (/) - cycle Shift-Dir - straight line, f/p - gnoll
Aim: a gnoll, wielding a +0 spear (63% to hit)
You shoot a sling bullet. The sling bullet hits the endoplasm.
You kill the endoplasm!
The gnoll barely misses you.
A gnoll comes into view. It is wielding a +0 club.
The quokka barely misses you.
Fire: a) +1 sling
Press: ? - help, Q - select action, (/) - cycle Shift-Dir - straight line, f - gnoll, p - gnoll
Aim: a gnoll, wielding a +0 club (63% to hit)
You shoot a sling bullet. The sling bullet hits the gnoll.
The gnoll is moderately wounded.
The gnoll misses you. The quokka misses you.
Fire: a) +1 sling
Press: ? - help, Q - select action, (/) - cycle Shift-Dir - straight line, f/p - gnoll
Aim: a gnoll, wielding a +0 club (63% to hit)
You shoot a sling bullet.
The sling bullet barely misses the gnoll.
The sling bullet hits the gnoll!
The gnoll is heavily wounded.
The quokka barely misses you.
The gnoll hits you from afar with a +0 spear.
The quokka barely misses you.
The gnoll hits you from afar with a +0 spear.
* * * LOW HITPOINT WARNING * * *
A gnoll comes into view. It is wielding a +0 club.
Fire: a) +1 sling
Press: ? - help, Q - select action, (/) - cycle Shift-Dir - straight line, f/p - gnoll
Aim: a gnoll, wielding a +0 club (heavily wounded, 63% to hit)
You shoot a sling bullet. The gnoll shouts!
The sling bullet hits the gnoll but does no damage.
The gnoll is moderately wounded.
You hear a shout!
The quokka misses you.
The gnoll hits you from afar with a +0 spear!
You die...

,# .## #
*####### ....
...#.....#...# ,
, ...........# *
, .....!r@...#
...........#
#......g....#
##.............*
* #.....g...###.
, * #.........#*
* #.......... *
*......g..### *
* * * * * *


You could see 3 gnolls and a quokka.

Vanquished Creatures
  2 ball pythons (D:1)
  4 endoplasms
  A giant cockroach (D:1)
  4 goblins
  6 hobgoblins (D:1)
  3 jackals (D:1)
  2 kobolds (D:1)
  2 quokkas (D:1)
  A bat (D:1)
  2 frilled lizards (D:1)
  3 rats (D:1)
30 creatures vanquished.

Notes
Turn   | Place    | Note
-------+----------+-------------------------------------------
     0 | D:1      | monsoonserge the Meteoran Hexslinger began the quest for
                  | the Orb.
     0 | D:1      | Reached XP level 1. HP: 16/16 MP: 3/3
   186 | D:1      | Reached skill level 4 in Hexes
   186 | D:1      | Reached XP level 2. HP: 23/23 MP: 5/5
   412 | D:1      | Reached XP level 3. HP: 28/28 MP: 6/6
   485 | D:1      | Glimpsed the power of Zot.
   528 | D:1      | Glimpsed the power of Zot.
   575 | D:2      | Slain by a gnoll

Illustrated notes

Levels and vault maps discovered:
D:1:      lightli_arrival_chessboard, layout_basic
D:2:      layout_rooms, minmay_close_crescents

Skill      XL: |  1  2  3 |
---------------+----------+-----
Hexes          | 4 |  4.2
Ranged Weapons | 3 |  3.0
Fighting       | |  1.5
Dodging        | |  2.7
Spellcasting   | |  1.4

Action                     || total
---------------------------++-------
   Fire: Sling             ||    91
   Cast: Slow              ||     1
 Armour: Robe              ||     5
  Dodge: Dodged            ||    29
